 Dungeon Crawl Stone Soup version 0.30.1-9-gdf580d7c3d (webtiles) character file.

Game seed: 4531843960073837938

281 lonewolfV2 the Chiller (level 6, -6/42 HPs)
             Began as a Formicid Ice Elementalist on Oct 10, 2023.
             Killed by divine providence
             ... invoked by an orc priest
              (17 damage)
             ... on level 3 of the Dungeon.
             The game lasted 00:15:25 (4723 turns).

lonewolfV2 the Chiller (Formicid Ice Elementalist)  Turns: 4723, Time: 00:15:26

Health: -6/42      AC:  8    Str: 12    XL:     6   Next: 53%
Magic:  0/12       EV: 12    Int: 17    God:
Gold:   115        SH:  0    Dex: 14    Spells: 7/14 levels left

rFire   . . .        (no weapon)
rCold   . . .        (no shield)
rNeg    . . .        a - +0 robe
rPois   .            (helmet unavailable)
rElec   .            (no cloak)
rCorr   .            (no gloves)
SInv    +            (no boots)
Will    .....        (no amulet)
Stlth   ++           (no ring)
HPRegen 0.27/turn    (no ring)
MPRegen 0.13/turn

%: no passive effects
@: ice-armoured
A: permanent stasis, dig shafts and tunnels, antennae 3, four strong arms
a: Dig, Shaft Self


You were on level 3 of the Dungeon.
You visited 1 branch of the dungeon, and saw 3 of its levels.
You also visited: Sewer.

You collected 115 gold pieces.

Inventory:

Armour
 a - a +0 robe (worn)
Scrolls
 c - 4 scrolls of torment
 d - 2 scrolls of fear
 e - 2 scrolls of fog {unknown}
 f - a scroll of blinking {unknown}
 k - a scroll of teleportation {unknown}
Potions
 b - 2 potions of magic
 g - a potion of flight
 h - 3 potions of might
 i - 2 potions of heal wounds {unknown}
 j - a potion of experience {unknown}
 l - a potion of brilliance {unknown}
 m - a potion of mutation {unknown}
 n - 2 potions of haste {unknown}


   Skills:
 + Level 0.7 Fighting
 + Level 2.3 Dodging
 + Level 3.0 Stealth
 + Level 0.4 Unarmed Combat
 + Level 4.6 Spellcasting
 + Level 5.4 Ice Magic


You had 7 spell levels left.
You knew the following spells:

 Your Spells              Type           Power      Damage    Failure   Level
a - Freeze                Ice            88%        1d9       1%          1
b - Frozen Ramparts       Ice            44%        1d7       4%          3
c - Ozocubu's Armour      Ice            22%        N/A       4%          3

Your spell library contained the following spells:

 Spells                   Type           Power      Damage    Failure   Level
 Summon Ice Beast         Ice/Summ       13%        N/A       43%         4


Dungeon Overview and Level Annotations

Branches:
Dungeon (3/15)              Sewer (visited)

Altars:
Trog


Innate Abilities, Weirdness & Mutations

You cannot be hasted, slowed, berserked, paralysed or teleported.
You can dig through walls and to a lower floor.
You have a pair of large antennae on your head. (SInv)
Your four strong arms can wield two-handed weapons with a shield.


Message History

The orc priest misses you.
The wall freezes the orc priest but does no damage.
The orc priest hits you but does no damage.
The wall freezes the orc priest.
The orc priest closely misses you.
The frozen ramparts melt away.
The orc priest invokes the aid of Beogh against you.
Beogh smites you!
The orc priest hits you with a +0 short sword.
Casting: Freeze (safe; 1% risk of failure)
Confirm with . or Enter, or press ? or * to list all spells.
Aiming: Freeze (safe; 1% risk of failure)
Press: ? - help, Shift-Dir - straight line, f/p - orc priest
Aim: an orc priest, wielding a +0 short sword and wearing a +0 ring mail (heavily wounded)
You freeze the orc priest.
The orc priest is severely wounded.
The orc priest closely misses you.
You completely miss the orc priest.
The orc priest is severely wounded.
The orc priest hits you with a +0 short sword.
* * * LOW HITPOINT WARNING * * *
You hit the orc priest but do no damage.
The orc priest is severely wounded.
The orc priest hits you but does no damage.
You hit the orc priest but do no damage.
The orc priest is severely wounded.
The orc priest misses you.
Casting: Freeze (safe; 1% risk of failure)
Confirm with . or Enter, or press ? or * to list all spells.
Aiming: Freeze (safe; 1% risk of failure)
Press: ? - help, Shift-Dir - straight line, f/p - orc priest
Aim: an orc priest, wielding a +0 short sword and wearing a +0 ring mail (severely wounded)
You freeze the orc priest.
The orc priest is severely wounded.
The orc priest barely misses you.
Casting: Freeze (safe; 1% risk of failure)
Confirm with . or Enter, or press ? or * to list all spells.
You don't know that spell.
The orc priest calls down the wrath of Beogh upon you.
Beogh smites you!
You die...

..#.#._............###.###.##..8.
..#.#.....####...#.##...)#.#.....
..#.#######....#.......#.).#⌠....
..#.##.....######).###.###.#.....
###.##...#...........#.# #.##..8.
# #.####.....#..).##.#.# #.###...
# #...#####....#.#...#)# #.)#####
# #...# #.....#o#.#.#.####.)....
# #...# #.....#@#.#.............
# #...# #.>...#.#.#...#####.#<..
#.########.......#.........#...
###.....########...).............
#..............)......######.#...
####....########......######.####
#....# #.#............... #....#
###.###########.#### #....#
#...............#


You could see an orc priest.

Vanquished Creatures
  A kobold brigand (Sewer)
  An orc priest (D:3)
  An orc wizard (D:3)
  3 adders
  A dart slug (D:2)
  13 orcs (D:3)
  14 ball pythons
  8 endoplasms
  6 giant cockroaches
  6 goblins
  3 hobgoblins
  3 jackals (D:2)
  4 quokkas
  12 bats
  6 frilled lizards
  18 kobolds
  5 rats
105 creatures vanquished.

Notes
Turn   | Place    | Note
-------+----------+-------------------------------------------
     0 | D:1      | lonewolfV2 the Formicid Ice Elementalist began the quest
                  | for the Orb.
     0 | D:1      | Reached XP level 1. HP: 13/13 MP: 3/3
   263 | D:1      | Reached XP level 2. HP: 17/19 MP: 1/5
   624 | D:1      | Reached XP level 3. HP: 13/24 MP: 4/6
   628 | D:1      | Learned a level 3 spell: Frozen Ramparts
  1483 | D:2      | Found a faded altar of an unknown god.
  1622 | D:2      | Reached XP level 4. HP: 28/30 MP: 3/8
  2112 | D:2      | Learned a level 3 spell: Ozocubu's Armour
  2937 | D:3      | HP: 1/30 [adder (2)]
  3156 | D:3      | Found a glowing drain.
  3255 | Sewer    | Entered a sewer
  3331 | Sewer    | Noticed a kobold brigand
  3337 | Sewer    | Reached XP level 5. HP: 25/36 MP: 0/10
  3340 | Sewer    | Killed a kobold brigand
  3341 | Sewer    | Reached skill level 5 in Ice Magic
  4069 | D:3      | Reached XP level 6. HP: 38/42 MP: 10/12
  4153 | D:3      | Found a bloodstained altar of Trog.
  4723 | D:3      | Killed from afar by an orc priest

Illustrated notes

Levels and vault maps discovered:
D:1:      dpeg_arrival_tiny_g, layout_basic, interstate_on_off
D:2:      layout_basic, nicolae_ecumenical_lake_church, roderic_lattice_a,
          minmay_pentomino_x4
D:3:      cheibrodos_pilgrimage, layout_basic, trog_book,
          cheibrodos_sewer_entry_drain

Skill      XL: |  1  2  3  4  5  6 |
---------------+-------------------+-----
Spellcasting   | 3 4 |  4.6
Dodging        | 2 |  2.3
Ice Magic      | 5 |  5.4
Stealth        | 3 |  3.0
Fighting       | |  0.7
Unarmed Combat | |  0.4

Action                     |  1- 3 |  4- 6 || total
---------------------------+-------+-------++-------
  Melee: Unarmed           |    42 |    41 ||    83
   Cast: Freeze            |    33 |    71 ||   104
         Frozen Ramparts   |     8 |    14 ||    22
         Ozocubu's Armour  |       |    12 ||    12
Ability: Dig               |     1 |       ||     1
    Use: Scroll            |       |    11 ||    11
         Potion            |       |     4 ||     4
   Stab: Sleeping          |     2 |       ||     2
 Armour: Robe              |    29 |    37 ||    66
  Dodge: Dodged            |    72 |    94 ||   166
